 Dungeon Crawl Stone Soup version 0.30-a0-439-g9e77e4d916 (webtiles) character file.

Game seed: 1776676310542841725

51 inmateoo the Trooper (level 3, -2/29 HPs)
             Began as a Demonspawn Fighter on Dec 10, 2022.
             Succumbed to Crazy Yiuf's poison
             ... on level 2 of the Dungeon.
             The game lasted 00:01:10 (1052 turns).

inmateoo the Trooper (Demonspawn Fighter)           Turns: 1052, Time: 00:01:10

Health: -2/29      AC: 11    Str: 16    XL:     3   Next: 57%
Magic:  3/3        EV:  4    Int:  9    God:
Gold:   63         SH:  5    Dex: 14    Spells: 2/2 levels left

rFire   . . .      SeeInvis .      - Unarmed
rCold   . . .      Faith    .    b - +0 buckler
rNeg    . . .      Spirit   .    j - +0 plate armour
rPois   .          Reflect  .    (helmet restricted)
rElec   .          Harm     .    (no cloak)
rCorr   .          Rampage  .    (no gloves)
Will    .....                    (no boots)
Stlth   ..........               (no amulet)
HPRegen 0.24/turn                (no ring)
MPRegen 0.08/turn                (no ring)

@: lethally poisoned (-2 -> -23), attractive
A: horns 1
a: no special abilities


You were on level 2 of the Dungeon.
You visited 1 branch of the dungeon, and saw 2 of its levels.

You collected 123 gold pieces.
You spent 60 gold pieces at shops.

Inventory:

Armour
 b - a +0 buckler (worn)
 j - a +0 plate armour (worn)
Scrolls
 h - a scroll of fear
Potions
 c - a potion of might
 g - a potion of heal wounds {unknown}
 i - a potion of curing {unknown}
 k - a potion of flight {unknown}


   Skills:
 + Level 3.3 Fighting
 + Level 3.0 Armour
 + Level 0.9 Dodging
 + Level 2.9 Shields
 * Level 2.5 Unarmed Combat


You had 2 spell levels left.
You didn't know any spells.
Your spell library was empty.

Dungeon Overview and Level Annotations

Branches:
Dungeon (2/15)

Altars:

Shops:
D:2 *

Annotations:
D:2 Crazy Yiuf


Innate Abilities, Weirdness & Mutations

You have a pair of small horns on your head.


Message History

Okay, then.
You open the door.
Crazy Yiuf laughs, "Whippet!
Cake sallow bush."
You hit Crazy Yiuf. You headbutt Crazy Yiuf.
Crazy Yiuf is moderately wounded.
Crazy Yiuf hits you but does no damage.
You hit Crazy Yiuf.
Crazy Yiuf is moderately wounded.
Crazy Yiuf yells, "Leather!
Trifle leg toodlewoodle."
Crazy Yiuf hits you with a +3 quarterstaff of chaos.
You hit Crazy Yiuf.
Crazy Yiuf is heavily wounded.
You block Crazy Yiuf's attack.
You closely miss Crazy Yiuf.
You headbutt Crazy Yiuf, but do no damage.
Crazy Yiuf is heavily wounded.
You block Crazy Yiuf's attack.
You hit Crazy Yiuf.
Crazy Yiuf is severely wounded.
You block Crazy Yiuf's attack.
You barely miss Crazy Yiuf.
Crazy Yiuf is severely wounded.
You block Crazy Yiuf's attack.
You hit Crazy Yiuf but do no damage.
You headbutt Crazy Yiuf, but do no damage.
Crazy Yiuf is severely wounded.
Crazy Yiuf hits you with a +3 quarterstaff of chaos!
You are lethally poisoned!
You barely miss Crazy Yiuf.
Crazy Yiuf is severely wounded.
You feel very sick.
You hit Crazy Yiuf.
Crazy Yiuf is severely wounded.
You feel very sick.
Crazy Yiuf hits you with a +3 quarterstaff of chaos.
* * * LOW HITPOINT WARNING * * *
You are more poisoned.
It was a potion of attraction.
You feel attractive to monsters.
You die...

#.......#..........##
##############.......
#...)).# #####
#......# #)..#
##########.# #...#
#.......##.# *...*
#.#####.##.# *#g#*
#.#####.##.# ♣@♣♣
#..........# ♣♣.♣
#######...## ♣.♣♣
#.#... ♣♣.♣
#####.#### ♣♣.♣♣
##.....# # ♣♣...♣
##.)##### # ♣....♣
#..## # #....# #.##
#....###.#


You could see Crazy Yiuf.

Vanquished Creatures
  Robin (D:2)
  A dart slug (D:2)
  3 endoplasms
  A giant cockroach (D:2)
  12 goblins (D:2)
  3 hobgoblins (D:2)
  4 jackals (D:2)
  3 kobolds (D:2)
  A frilled lizard (D:2)
  2 rats (D:2)
31 creatures vanquished.

Notes
Turn   | Place    | Note
-------+----------+-------------------------------------------
     0 | D:1      | inmateoo the Demonspawn Fighter began the quest for the
                  | Orb.
     0 | D:1      | Reached XP level 1. HP: 18/18 MP: 1/1
   136 | D:1      | You fall into a shaft and drop 1 floor!
   216 | D:2      | Discovered your monstrous ancestry.
   216 | D:2      | Gained mutation: You have a pair of small horns on your
                  | head. [demonic ancestry]
   216 | D:2      | Reached XP level 2. HP: 24/24 MP: 2/2
   274 | D:2      | Noticed Robin
   314 | D:2      | Killed Robin
   315 | D:2      | Reached XP level 3. HP: 3/29 MP: 3/3
   559 | D:2      | Found a runed translucent door.
   560 | D:2      | Noticed Crazy Yiuf
   677 | D:2      | Found Ixuam's Assorted Antiques.
   710 | D:2      | Bought a scroll labelled ATOGERCHAECS for 21 gold pieces
   710 | D:2      | Bought a scroll labelled GAUWKO UCEVON for 21 gold pieces
   710 | D:2      | Bought a brown potion for 18 gold pieces
  1052 | D:2      | Succumbed to Crazy Yiuf's poison

Illustrated notes

Levels and vault maps discovered:
D:1:      kilobyte_arrival_exit_the_forest, layout_rooms, serial_shops,
          nicolae_shop_overgrown_old_shop
D:2:      layout_basic, serial_shops, shop, minivault_11,
          minmay_misc_feat_enclosed, uniq_robin, uniq_crazy_yiuf_cottage

Skill      XL: |  1  2  3 |
---------------+----------+-----
Unarmed Combat | 2 |  2.5
Armour         | 3 |  3.0
Fighting       | |  3.3
Dodging        | |  0.9
Shields        | |  2.9

Action                   || total
-------------------------++-------
Melee: Unarmed           ||   122
       Headbutt          ||    12
  Use: Scroll            ||     4
       Potion            ||     1
Armor: Scale mail        ||    39
       Plate armour      ||     1
Dodge: Dodged            ||    40
Block: Buckler           ||    24

Table legend: (Time is in decaauts)
 A = Elapsed time spent in this place.
 B = Non-inter-level travel time spent in this place.
 C = Inter-level travel time spent in this place.
 D = Time resting spent in this place.
 E = Time spent auto-exploring this place.
 F = Levels seen in this place.
 G = Mean time per level.
                   A        B        C        D        E       F      G
               +--------+--------+--------+--------+--------+-----+--------+
         Total |   1054 |   1054 |      0 |    141 |    668 |   2 |  527.0 |
       Dungeon |   1054 |   1054 |      0 |    141 |    668 |   2 |  527.0 |
               +--------+--------+--------+--------+--------+-----+--------+

Top non-repeatable levels by time:
     D:2: 916 daAuts
     D:1: 137 daAuts
